cohdb
Replays
Latest Replays
All Replays
Popular Replays
Top Player Replays
Match Explorer
How It Works
Community
CoH3 Stats
Reddit
Sign in to upload your games and track your stats! →
Sign in with Steam
Match 31760986
Unlisted
Match 31760986
Overview
Messages
Build Orders
End
Royal Engineer Section
Selects Indian Artillery Battlegroup
Vickers Machine Gun Team
Construct Section Command Post
Construct Field Infirmary
ML 3-inch Mortar Team
Royal Engineer Section
Selects War Cry
Royal Engineer Section
ML 3-inch Mortar Team
Royal Engineer Section
Selects Gurkha Rifles Section
Gurkha Rifles Section
Gurkha Rifles Section
War Cry
Construct Platoon Command Post
Infantry Training
Unlock M3 Stuart Light Tanks
Selects Pillage
Selects Artillery Saturation
M3 Stuart Light Tank
Construct Company Command Post
Selects Off-map Airburst Barrage
Selects Perimeter Monitor
Crusader II Medium Tank
crosseazain
catchitin
Beef and Beer and Jesus
el campo
Доктор Гувер[POINTRUNNER]
MaXiS
0
0
Comments
sign in to comment!
No comments posted yet!